 Dungeon Crawl Stone Soup version 0.23.2-40-g277498a001 (webtiles) character file.

Game seed: 6147989660525218671

152028 KamiKatze the Severer (level 17, -12/150 HPs)
             Began as a Centaur Fighter on Oct 2, 2019.
             Was the Champion of Okawaru.
             Mangled by a spark wasp (17 damage)
             ... on level 4 of the Spider Nest.
             The game lasted 03:47:20 (49102 turns).

KamiKatze the Severer (Centaur Fighter)            Turns: 49102, Time: 03:47:21

Health: -12/150    AC: 26    Str: 22    XL:     17   Next: 2%
Magic:  25/33      EV: 10    Int:  5    God:    Okawaru [******]
Gold:   2589       SH: 16    Dex:  9    Spells: 16/16 levels left

rFire    . . .     SeeInvis +   a - +7 broad axe "Qekyoguu" {chop, MP+9 Str-4 SInv}
rCold    . . .     Gourm    .   c - +1 shield
rNeg     + . .     Faith    .   x - +0 acid dragon scales
rPois    +         Spirit   .   r - +1 helmet
rElec    .         Reflect  +   J - +2 cloak
rCorr    +         Harm     .   g - +0 pair of gloves
MR       ++...     NoCast   +   Z - +6 centaur barding of Okawaru's Envy {-Cast rN+ Stlth+}
Stlth    +.........             B - +4 amulet of reflection
HPRegen  0.35/turn              F - ring "Debixur" {MR+ SInv}
MPRegen  0.23/turn              h - ring of poison resistance

@: very quick
A: large, hooves 3, deformed body, dopey 1, speed 2, tough skin 3
a: Heroism, Finesse, Renounce Religion


You were on level 4 of the Spider Nest.
You worshipped Okawaru.
Okawaru was exalted by your worship.
You were not hungry.

You visited 5 branches of the dungeon, and saw 28 of its levels.
You also visited: Sewer.

You collected 3609 gold pieces.
You spent 1020 gold pieces at shops.

Inventory:

Hand Weapons
 a - the +7 broad axe "Qekyoguu" (weapon) {chop, MP+9 Str-4 SInv}
   (Okawaru gifted it to you on level 12 of the Dungeon)

   It inflicts extra damage upon your enemies.
   It affects your strength (-4).
   It affects your magic capacity (+9).
   It lets you see invisible.
 b - a +4 hand crossbow of velocity
 e - a +2 broad axe of chopping
 I - the +0 hand crossbow "Miosuw" {flame, rElec Str+6 Dex-2 Stlth+}
   (You found it on level 10 of the Dungeon)

   It causes projectiles fired from it to burn those they strike, causing extra
   injury to most foes and up to half again as much damage against particularly
   susceptible opponents.
   It affects your strength (+6).
   It affects your dexterity (-2).
   It insulates you from electricity.
   It makes you more stealthy.
 M - a +4 war axe of holy wrath
Missiles
 k - 380 bolts
 y - a throwing net (quivered)
Armour
 c - a +1 shield (worn)
 g - a +0 pair of gloves (worn)
 q - a +1 plate armour of fire resistance
 r - a +1 helmet (worn)
 x - +0 acid dragon scales (worn)
 J - a +2 cloak (worn)
 Z - the +6 centaur barding of Okawaru's Envy (worn) {-Cast rN+ Stlth+}
   (Okawaru gifted it to you on level 4 of the Lair of Beasts)

   It protects you from negative energy.
   It prevents spellcasting.
   It makes you more stealthy.
Jewellery
 h - a ring of poison resistance (right hand)
 B - a +4 amulet of reflection (around neck)
 E - an uncursed ring of protection from cold
 F - the ring "Debixur" (left hand) {MR+ SInv}
   (You found it on level 5 of the Lair of Beasts)

   [ring of see invisible]

   It affects your resistance to hostile enchantments.
   It lets you see invisible.
 H - a +3 ring of intelligence
 P - a +4 ring of protection
Wands
 u - a wand of digging (14)
 z - a wand of acid (28)
 L - a wand of paralysis (11)
 O - a wand of flame (45)
 Q - a wand of disintegration (35)
 S - a wand of scattershot (5)
 T - a wand of iceblast (12)
 Y - a wand of clouds (6)
Scrolls
 l - 14 scrolls of teleportation
 o - 13 scrolls of identify
 p - 2 scrolls of enchant armour
 s - 4 scrolls of fog
 w - a scroll of amnesia
 C - 8 scrolls of magic mapping
 G - 2 scrolls of fear
 R - 3 scrolls of blinking
 U - 2 scrolls of summoning
 X - 17 scrolls of remove curse
Potions
 d - 4 potions of might
 i - 6 potions of haste
 j - a potion of invisibility
 m - 5 potions of magic
 n - 11 potions of curing
 v - 7 potions of flight
 A - a potion of mutation
 D - 2 potions of heal wounds
 K - 2 potions of agility
 N - 6 potions of lignification
 V - a potion of brilliance
 W - a potion of resistance
Comestibles
 f - 44 rations
 t - 2 chunks of flesh


   Skills:
 + Level 13.2 Fighting
 * Level 16.2 Axes
 - Level 10.0 Crossbows
 + Level 8.0 Armour
 + Level 7.6 Dodging
 - Level 9.0 Shields
 - Level 10.0 Invocations
 - Level 4.0 Evocations


You had 16 spell levels left.
You didn't know any spells.
Your spell library contained the following spells:

 Spells                   Type           Power        Failure   Level  Hunger
 Animate Skeleton         Necr           N/A          54%         1    ##.....
 Apportation              Tloc           #.....       54%         1    ##.....
 Beastly Appendage        Tmut           #.....       54%         1    ##.....
 Confusing Touch          Hex            #.....       54%         1    ##.....
 Infusion                 Chrm           #...         54%         1    ##.....
 Pain                     Necr           #...         54%         1    ##.....
 Summon Small Mammal      Summ           #...         54%         1    ##.....
 Shroud of Golubria       Chrm/Tloc      #.........   69%         2    ###....
 Song of Slaying          Chrm           #.......     69%         2    ###....
 Sticks to Snakes         Tmut           #.......     69%         2    ###....
 Sublimation of Blood     Necr           #.........   69%         2    ###....
 Confuse                  Hex            #.......     89%         3    ####...
 Gell's Gravitas          Tloc           #.........   89%         3    ####...
 Ignite Poison            Fire/Tmut/Pois #.......     89%         3    ####...
 Regeneration             Chrm/Necr      #.........   89%         3    ####...
 Spectral Weapon          Hex/Chrm       #.......     89%         3    ####...
 Spider Form              Tmut/Pois      #.........   89%         3    ####...
 Vampiric Draining        Necr           #.........   89%         3    ####...
 Animate Dead             Necr           N/A          100%        4    #####..
 Cause Fear               Hex            #.........   100%        4    #####..
 Ice Form                 Ice/Tmut       #.......     100%        4    #####..
 Petrify                  Tmut/Erth      #.......     100%        4    #####..
 Alistair's Intoxication  Tmut/Pois      #.......     100%        5    ######.
 Blade Hands              Tmut           #.........   100%        5    ######.
 Irradiate                Conj/Tmut      #.........   100%        5    ######.
 Metabolic Englaciation   Hex/Ice        #.........   100%        5    ######.
 Silence                  Hex/Air        #.........   100%        5    ######.
 Yara's Violent Unravell  Hex/Tmut       #.........   100%        5    ######.
 Deflect Missiles         Chrm/Air       #.........   100%        6    #######
 Discord                  Hex            #.........   100%        8    #######


Dungeon Overview and Level Annotations

Branches:
Dungeon (15/15)            Temple (1/1) D:4            Lair (6/6) D:11
 Shoals (0/4) Lair:3       Spider (4/4) Lair:3        Slime (0/5) Lair:6
    Orc (2/2) D:9             Elf (0/3) Orc:2        Vaults (0/5) D:13
 Depths (0/5) D:15

Altars:
Ashenzari
Cheibriados
Dithmenos
Elyvilon
Fedhas
Gozag
Hepliaklqana
Kikubaaqudgha
Makhleb
Nemelex Xobeh
Okawaru
Qazlal
Ru
Sif Muna
Trog
Uskayaw
Vehumet
Wu Jian
Xom
Yredelemnul
Zin
The Shining One
Beogh

Shops:
D:4 (   D:11 ![(:[   D:14 [   Orc:2 ?:?[}

Portals:
Pandemonium: Orc:2
Trove: D:15 (give 8 scrolls of blinking)

Annotations:
D:9 exclusion: statue
D:11 3 runed translucent doors, exclusion: obsidian statue, Ivernyr's ghost, journeyman VSTm
D:13 Azrael
Lair:4 2 transporters, Aggronaut's ghost, journeyman DrBe
Spider:3 1 runed translucent door, NeAGen181's ghost, adept HOFi
Spider:4 exclusion: 3 doors


Innate Abilities, Weirdness & Mutations

You have hooves in place of feet.
Armour fits poorly on your strangely shaped body.
You cover ground very quickly.
You have extremely tough skin. (AC +3)
You are dopey. (Int -2)


Message History

You closely miss the spark wasp. Your kick misses the spark wasp.
The spark wasp is almost dead.
You slice the hornet!! You block the hornet's attack.
The spark wasp barely misses you.
You hit the spark wasp. Your kick misses the spark wasp.
The spark wasp is almost dead.
You completely miss the hornet. The hornet stings you.
The spark wasp stings you!!
* * * LOW HITPOINT WARNING * * *
The spark wasp shocks you!
* * * LOW HITPOINT WARNING * * *
You closely miss the spark wasp.
The spark wasp is almost dead.
You slash the hornet!
You kill the hornet!
Okawaru accepts your kill. The spark wasp stings you!
* * * LOW HITPOINT WARNING * * *
The spark wasp shocks you!
You die...

# # ###
################†.
#(^.^....^...†..#.
#.###############.
#(# ## #y# #. #@#
#. #.# #. #^# ##
#s# # #.# # #.# #
#.# #.# *,*


You could see a spark wasp and an orb spider.

Vanquished Creatures
  Arachne (Spider:3)
  Kirke (D:13)
  7 emperor scorpions
  4 ghost moths
  Aizul (Spider:1)
  A stone giant (Orc:1)
  5 entropy weavers
  A spark wasp (Spider:3)
  Erolcha (D:9)
  2 fire dragons
  An ice dragon (D:15)
  9 hydras
  A centaur warrior (D:11)
  A queen ant (Spider:1)
  A catoblepas (Lair:6)
  6 two-headed ogres
  6 death yaks (Lair:6)
  An ogre mage (D:13)
  2 sun demons
  6 orc high priests
  A torturous demonspawn (Orc:1)
  3 unseen horrors
  A storm dragon skeleton (D:15)
  A wizard (D:15)
  A lindwurm (Lair:6)
  2 gelid demonspawn
  A swamp dragon (Lair:6)
  A necromancer (D:15)
  8 orb spiders
  7 orc knights
  A deep elf mage (D:13)
  An oklob plant (Lair:6)
  23 wolf spiders
  7 orc sorcerers
  11 ugly things
  2 manticores
  A cyclops (D:12)
  A moth of wrath (Spider:4)
  3 elephants
  Maurice (Orc:2)
  7 black mambas
  A rust devil (Orc:2)
  17 spiny frogs
  A torpor snail (Spider:3)
  2 gargoyles
  10 komodo dragons
  A centaur skeleton (D:12)
  5 rime drakes
  An ice devil (Orc:2)
  11 demonic crawlers
  2 red devils (Orc:2)
  21 jumping spiders
  A queen bee (shapeshifter) (D:14)
  A troll (D:13)
  12 slime creatures
  2 harpy skeletons (D:15)
  7 hornets
  10 blink frogs
  3 dream sheep (Lair:6)
  8 hippogriffs
  A centaur simulacrum (D:14)
  2 shadows (D:15)
  58 redbacks
  30 tarantellas
  A spriggan (D:10)
  A wyvern (D:8)
  Sigmund (D:5)
  3 basilisks
  A wraith (D:15)
  45 yaks
  4 hogs (D:13)
  2 neqoxecs (Orc:2)
  3 hungry ghosts
  A fire elemental (Lair:3)
  4 vampire mosquitoes (D:15)
  2 steam dragons
  4 wargs
  Menkaure (D:4)
  3 acid dragons
  Edmund (D:4)
  26 soldier ants (Spider:1)
  12 water moccasins
  9 porcupines
  3 hell hounds (D:13)
  Purgy (Sewer)
  A swamp drake (Lair:6)
  34 orc warriors
  3 ice beasts
  2 sky beasts
  5 black bears
  3 phantoms
  A necrophage (D:10)
  10 ogres
  11 centaurs
  13 wolves
  17 crocodiles
  4 big kobolds
  14 bullfrogs
  2 wyvern zombies
  2 gnoll sergeants
  A wyvern skeleton (D:7)
  3 scorpions
  2 electric eels (D:7)
  A howler monkey (D:5)
  8 crimson imps
  4 quasits
  A jelly (D:7)
  A bullfrog zombie (D:12)
  3 centaur zombies
  11 hounds
  2 gnoll shamans
  31 orc priests
  18 orc wizards
  Jessica (D:2)
  4 hell rats (Lair:3)
  Ijyb (D:5)
  3 iguanas
  34 worker ants
  A hound skeleton (D:10)
  A mummy (D:6)
  27 gnolls
  11 adders
  2 shadow imps
  2 oozes
  3 adder skeletons
  3 worms (D:5)
  2 dart slugs
  6 leopard geckos
  100 orcs
  6 ball pythons
  A bat zombie (D:4)
  8 giant cockroaches
  5 goblins
  7 hobgoblins
  8 jackals
  5 quokkas
  4 bats
  12 frilled lizards
  29 kobolds
  A leopard gecko skeleton (D:7)
  6 rats
  2 rat zombies (D:4)
  7 fungi
  6 plants
993 creatures vanquished.

Vanquished Creatures (others)
  A slime creature (D:13)
  3 bushes (Lair:6)
  50 fungi
  22 plants
76 creatures vanquished.

Grand Total: 1069 creatures vanquished

Notes
Turn   | Place    | Note
-------+----------+-------------------------------------------
     0 | D:1      | KamiKatze the Centaur Fighter began the quest for the Orb.
     0 | D:1      | Reached XP level 1. HP: 19/19 MP: 1/1
    73 | D:1      | Reached skill level 2 in Axes
    79 | D:1      | Reached XP level 2. HP: 16/26 MP: 2/2
   660 | D:1      | HP: 1/26 [poisoned by an adder]
  1236 | D:1      | Reached XP level 3. HP: 26/31 MP: 3/3
  1789 | D:2      | Reached skill level 3 in Axes
  2006 | D:2      | Reached XP level 4. HP: 30/38 MP: 4/4
  2241 | D:2      | Noticed Jessica
  2267 | D:2      | Killed Jessica
  2742 | D:3      | Reached XP level 5. HP: 37/46 MP: 5/5
  3440 | D:2      | Reached skill level 4 in Axes
  3831 | D:3      | Reached XP level 6. HP: 50/53 MP: 6/6
  3952 | D:3      | Found a bloodstained altar of Trog.
  4810 | D:4      | Reached skill level 5 in Axes
  5038 | D:4      | Found a hazy altar of Hepliaklqana.
  5102 | D:4      | Found an ancient bone altar of Kikubaaqudgha.
  5167 | D:4      | Reached XP level 7. HP: 59/60 MP: 7/7
  5445 | D:4      | Found Keskevint's Weapon Emporium.
  5578 | D:4      | Reached skill level 5 in Fighting
  5629 | D:4      | Found a staircase to the Ecumenical Temple.
  5645 | Temple   | Entered the Ecumenical Temple
  5706 | Temple   | Became a worshipper of Warmaster Okawaru
  5811 | D:5      | Entered Level 5 of the Dungeon
  5829 | D:5      | Noticed Menkaure
  5834 | D:5      | Noticed Sigmund
  5844 | D:4      | Killed Menkaure
  6082 | D:5      | Found a glowing drain.
  6098 | D:5      | Noticed Ijyb
  6102 | Sewer    | Entered a sewer
  6247 | Sewer    | Noticed Purgy
  6264 | Sewer    | Killed Purgy
  6264 | Sewer    | Reached skill level 6 in Axes
  6392 | D:5      | Killed Ijyb
  6485 | D:5      | Reached * piety under Okawaru
  6485 | D:5      | Reached XP level 8. HP: 56/69 MP: 8/8
  6493 | D:5      | Found a stormy altar of Qazlal.
  6672 | D:5      | Noticed Edmund
  6708 | D:4      | Killed Edmund
  6708 | D:4      | Reached skill level 1 in Invocations
  6794 | D:5      | Killed Sigmund
  6893 | D:5      | Found a shattered altar of Ashenzari.
  7025 | D:5      | Reached skill level 7 in Axes
  7286 | D:6      | Reached ** piety under Okawaru
  7332 | D:6      | Got a jewelled mace
  7388 | D:6      | Reached XP level 9. HP: 77/78 MP: 10/10
  7500 | D:6      | Reached skill level 8 in Axes
  7500 | D:6      | Reached skill level 5 in Shields
  7513 | D:6      | Found a snail-covered altar of Cheibriados.
  7921 | D:6      | Found an opulent altar of Gozag.
  8151 | D:7      | Reached *** piety under Okawaru
  8438 | D:7      | Reached skill level 9 in Axes
  9150 | D:8      | Reached XP level 10. HP: 67/88 MP: 11/11
  9227 | D:8      | Reached **** piety under Okawaru
  9368 | D:8      | Found a basalt altar of Yredelemnul.
  9369 | D:8      | Found a hide-covered altar of Uskayaw.
  9369 | D:8      | Found a deep blue altar of Sif Muna.
  9959 | D:9      | Found a sparkling altar of Nemelex Xobeh.
 10018 | D:9      | Noticed Erolcha
 10029 | D:9      | Killed Erolcha
 10029 | D:9      | Reached skill level 10 in Axes
 10386 | D:9      | Reached skill level 1 in Evocations
 10672 | D:9      | Found a radiant altar of Vehumet.
 10716 | D:9      | Found a staircase to the Orcish Mines.
 10794 | D:10     | Entered Level 10 of the Dungeon
 11044 | D:10     | Killed an unseen horror
 11273 | D:10     | Reached ***** piety under Okawaru
 11296 | D:10     | Got an iridescent hand crossbow
 11653 | D:11     | Noticed a gargoyle
 11811 | D:11     | Noticed a seven-headed hydra
 11851 | D:11     | Killed a gargoyle
 11861 | D:11     | Found Popnueg's Weapon Boutique.
 11862 | D:11     | Identified the cursed +0 hand crossbow "Miosuw" {flame,
                  | rElec Str+6 Dex-2 Stlth+} (You found it on level 10 of the
                  | Dungeon)
 11917 | D:11     | Noticed a centaur warrior
 12003 | D:11     | Found Camerenk's Antique Armour Shop.
 12017 | D:11     | Reached XP level 11. HP: 95/95 MP: 13/13
 12093 | D:11     | Killed a centaur warrior
 12234 | D:11     | Noticed a two-headed ogre
 12409 | D:11     | Killed a seven-headed hydra
 12456 | D:11     | Found Eptujy's Book Shop.
 12457 | D:11     | Found a runed translucent gate.
 12457 | D:11     | Found a runed translucent gate.
 12460 | D:11     | Found an opulent altar of Gozag.
 12462 | D:11     | Found a runed translucent gate.
 12463 | D:11     | Noticed an obsidian statue
 12463 | D:11     | Noticed Ivernyr's ghost (journeyman VSTm)
 12500 | D:11     | Killed a two-headed ogre
 12500 | D:11     | Reached skill level 11 in Axes
 12540 | D:11     | Found Pumuxtui's Antique Armour Emporium.
 12625 | D:11     | Found Ymoyti Epna's Distillery.
 12727 | D:11     | Noticed a red ugly thing
 13128 | D:11     | Killed a red ugly thing
 13128 | D:11     | Reached ****** piety under Okawaru
 13389 | D:11     | Received a gift from Okawaru
 13410 | D:11     | Got a fine flail {god gift}
 13411 | D:11     | Identified the +5 flail of Might {drain, +Blink MR+ Int+4
                  | Dex+3} (Okawaru gifted it to you on level 11 of the
                  | Dungeon)
 13528 | D:11     | Noticed a two-headed ogre
 13561 | D:11     | Killed a two-headed ogre
 13599 | D:11     | Found a staircase to the Lair.
 13755 | D:11     | Reached skill level 5 in Invocations
 13915 | Lair:1   | Entered Level 1 of the Lair of Beasts
 14196 | D:12     | Reached skill level 1 in Crossbows
 14575 | D:12     | Received a gift from Okawaru
 14575 | D:12     | Reached skill level 1 in Dodging
 14578 | D:12     | Got a slimy broad axe {god gift}
 14579 | D:12     | Identified the +7 broad axe "Qekyoguu" {chop, MP+9 Str-4
                  | SInv} (Okawaru gifted it to you on level 12 of the Dungeon)
 15182 | D:13     | Noticed a two-headed ogre
 15265 | D:13     | Killed a two-headed ogre
 15265 | D:13     | Reached XP level 12. HP: 40/105 MP: 16/16
 16437 | D:13     | Noticed Azrael
 16603 | Orc:1    | Entered Level 1 of the Orcish Mines
 16626 | Orc:1    | Paralysed by an orc sorcerer for 2 turns
 16813 | Orc:1    | Noticed a stone giant
 16838 | Orc:1    | Killed a stone giant
 16838 | Orc:1    | Received a gift from Okawaru
 16838 | Orc:1    | Reached skill level 12 in Axes
 17639 | Orc:2    | Entered Level 2 of the Orcish Mines
 17743 | Orc:2    | Found a staircase to the Elven Halls.
 17776 | Orc:2    | Found a roughly hewn altar of Beogh.
 18204 | Orc:2    | Found Tifiluas's Gadget Boutique.
 18294 | Orc:2    | Reached skill level 10 in Fighting
 19263 | Orc:2    | Noticed Maurice
 19298 | Orc:2    | Paralysed by Maurice for 2 turns
 19305 | Orc:2    | Killed Maurice
 19643 | Orc:2    | Found a roughly hewn altar of Beogh.
 20414 | Orc:2    | Found Luepp's Magic Scroll Emporium.
 20475 | Orc:2    | Found Luahucva's Magic Scroll Shoppe.
 20563 | Orc:2    | Bought a scroll of teleportation for 51 gold pieces
 20563 | Orc:2    | Bought a scroll of random uselessness for 17 gold pieces
 20581 | Orc:2    | Noticed an orc high priest
 20655 | Orc:1    | Killed an orc high priest
 20669 | Orc:1    | Reached XP level 13. HP: 27/113 MP: 18/18
 21088 | Orc:2    | Received a gift from Okawaru
 22043 | Orc:2    | Gained mutation: You are dopey. (Int -2) [a neqoxec]
 23065 | Orc:2    | Received a gift from Okawaru
 23437 | Orc:1    | Reached skill level 13 in Axes
 23931 | Orc:2    | Found Meuqoff's Book Boutique.
 23931 | Orc:2    | Found Plog's Antique Armour Shop.
 23931 | Orc:2    | Found a one-way gate leading to the halls of Pandemonium.
 24082 | Orc:2    | Bought a bloodstained plate armour for 952 gold pieces
 24102 | Orc:2    | Identified the +1 plate armour "Jaquiwk" {+Blink rElec rF+}
                  | (You bought it in a shop on level 2 of the Orcish Mines)
 24575 | Lair:1   | Received a gift from Okawaru
 26724 | Lair:3   | Reached skill level 5 in Armour
 27337 | Lair:3   | Reached XP level 14. HP: 123/124 MP: 20/20
 27737 | Lair:3   | Reached skill level 5 in Crossbows
 27848 | Lair:3   | Received a gift from Okawaru
 28187 | Lair:3   | Found a staircase to the Shoals.
 28307 | Lair:3   | Found a hole to the Spider Nest.
 28743 | Lair:4   | Identified the +10 spear of the Egg {flame, SInv}
 28744 | Lair:4   | Noticed Aggronaut's ghost (journeyman DrBe)
 28920 | Lair:4   | Identified the amulet of Hyoly {RegenMP rN+ Str+6 Stlth+}
 28923 | Lair:4   | Found a bloodstained altar of Trog.
 28929 | Lair:4   | Found a transporter.
 28932 | Lair:4   | Found a transporter.
 29138 | Lair:4   | Received a gift from Okawaru
 29141 | Lair:4   | Got a polished centaur barding {god gift}
 29147 | Lair:4   | Identified the +6 centaur barding of Okawaru's Envy {-Cast
                  | rN+ Stlth+} (Okawaru gifted it to you on level 4 of the
                  | Lair of Beasts)
 30159 | Lair:5   | Found a sacrificial altar of Ru.
 30192 | Lair:5   | Got a scorched bone ring
 30194 | Lair:5   | Identified the ring "Debixur" {MR+ SInv} (You found it on
                  | level 5 of the Lair of Beasts)
 31673 | D:13     | Reached skill level 5 in Dodging
 31770 | D:13     | Found a gate to the Vaults.
 31970 | D:13     | Noticed Kirke
 31978 | D:13     | Killed Kirke
 32522 | D:14     | Reached skill level 14 in Axes
 32923 | D:14     | Found Vin Bipi's Armour Shoppe.
 33576 | D:15     | Entered Level 15 of the Dungeon
 33935 | D:15     | Received a gift from Okawaru
 33949 | D:15     | Got a faintly glowing robe {god gift}
 34418 | D:15     | Found a blossoming altar of Fedhas.
 34483 | D:15     | Reached XP level 15. HP: 85/132 MP: 20/21
 34772 | D:15     | Found a staircase to the Depths.
 34866 | D:15     | Found a portal to a secret trove of treasure.
 35362 | Lair:6   | Entered Level 6 of the Lair of Beasts
 35362 | Lair:6   | Found a staircase to the Slime Pits.
 37566 | Lair:6   | Received a gift from Okawaru
 38258 | Lair:6   | Received a gift from Okawaru
 38834 | Lair:1   | Identified a scroll of acquirement
 38967 | Spider:1 | Entered Level 1 of the Spider Nest
 38991 | Spider:1 | Noticed Aizul
 39015 | Spider:1 | Killed Aizul
 39015 | Spider:1 | Reached skill level 10 in Invocations
 39997 | Spider:1 | Received a gift from Okawaru
 40066 | Spider:1 | Reached skill level 15 in Axes
 42066 | Spider:1 | Reached XP level 16. HP: 89/141 MP: 23/23
 44120 | Spider:3 | Paralysed by a hornet for 3 turns
 44238 | Spider:3 | Received a gift from Okawaru
 44282 | Spider:3 | Noticed Arachne
 44516 | Spider:3 | Found a runed translucent door.
 44516 | Spider:3 | Noticed NeAGen181's ghost (adept HOFi)
 44564 | Spider:3 | Killed Arachne
 45320 | Spider:3 | Received a gift from Okawaru
 47058 | Spider:2 | Reached skill level 16 in Axes
 47104 | Spider:3 | Received a gift from Okawaru
 47558 | Spider:4 | Entered Level 4 of the Spider Nest
 48690 | Spider:4 | Reached skill level 10 in Crossbows
 48959 | Spider:4 | Reached XP level 17. HP: 150/150 MP: 23/24
 49102 | Spider:4 | HP: 5/150 [spark wasp (11)]
 49102 | Spider:4 | Mangled by a spark wasp

Skill      XL: |  1  2  3  4  5  6  7  8  9 10 11 12 13 14 15 16 |
---------------+-------------------------------------------------+-----
Axes           | 2 3 4 5 6 7 9 10 11 12 13 14 15 16 | 16.2
Fighting       | 4 5 6 7 8 9 10 11 12 13 | 13.2
Shields        | 3 4 5 6 7 8 9 |  9.0
Invocations    | 2 5 7 8 9 10 | 10.0
Evocations     | 3 4 |  4.0
Crossbows      | 2 4 6 8 10 | 10.0
Dodging        | 1 3 4 5 6 7 |  7.6
Armour         | 4 5 6 7 8 |  8.0

Action                   |  1- 3 |  4- 6 |  7- 9 | 10-12 | 13-15 | 16-18 || total
-------------------------+-------+-------+-------+-------+-------+-------++-------
Melee: War axe           |    36 |   150 |   446 |   832 |       |       ||  1464
       Kick              |    20 |    43 |   114 |   253 |   189 |    99 ||   718
       Hand axe          |    99 |    88 |       |       |       |       ||   187
       Broad axe         |       |       |       |    91 |   813 |   406 ||  1310
       Hand crossbow     |       |       |       |       |     2 |       ||     2
 Fire: Hand crossbow     |       |       |       |   198 |  1142 |   378 ||  1718
Throw: Stone             |    15 |    84 |    14 |     5 |       |       ||   118
       Tomahawk          |       |       |       |     3 |     2 |       ||     5
Invok: Heroism           |       |       |     1 |     5 |     2 |       ||     8
       Finesse           |       |       |       |     3 |     7 |     1 ||    11
Evoke: Wand              |       |       |       |     3 |       |       ||     3
  Use: Potion            |     3 |       |     1 |     2 |     1 |       ||     7
       Scroll            |     1 |     5 |     8 |     9 |     2 |     4 ||    29
 Stab: Sleeping          |       |       |       |       |     1 |     1 ||     2
       Held in net/web   |       |       |       |       |       |     1 ||     1
  Eat: Chunk             |     2 |     8 |    14 |    30 |    40 |     3 ||    97
       Ration            |       |       |       |       |     4 |     5 ||     9
Armor: Scale mail        |    58 |   103 |    50 |       |       |       ||   211
       Troll leather arm |       |       |   115 |   285 |   264 |       ||   664
       Acid dragon scale |       |       |       |       |    97 |   327 ||   424
Dodge: Dodged            |    27 |    65 |    94 |   223 |   254 |   204 ||   867
Block: Shield            |    55 |   116 |   232 |   441 |   527 |   335 ||  1706
